 Dungeon Crawl Stone Soup version 0.17.2-1-ge4368a0 (webtiles) character file.

772 XO4YCPATb the Spear-Bearer (level 7, 0/84 HPs)
             Began as a Minotaur Skald on Nov 30, 2016.
             Slain by an orc warrior
             ... wielding a +0 dire flail
              (9 damage)
             ... on level 4 of the Dungeon.
             The game lasted 00:09:54 (5167 turns).

XO4YCPATb the Spear-Bearer (Minotaur Skald)         Turns: 5167, Time: 00:09:54

Health: 0/84       AC: 23    Str: 18    XL:     7   Next: 53%
Magic:  7/7        EV:  2    Int:  9    God:
Gold:   241        SH:  0    Dex: 17    Spells: 2 memorised, 4 levels left

rFire  . . .     SeeInvis .     a - +0 spear
rCold  . . .     Clarity  .     (armour currently unavailable)
rNeg   + + +     SustAt   .     (no shield)
rPois  +         Gourm    .     (helmet currently unavailable)
rElec  .         Spirit   .     (cloak currently unavailable)
rCorr  .         Warding  .     (gloves currently unavailable)
rMut   .         NoTele   +     (boots currently unavailable)
MR     .....                    (no amulet)
Stlth  ++........               (no ring)
                                y - ring of loudness (curse)

@: agile, tree-form (expiring), slowed, very slow, not resistant to hostile
enchantments, unstealthy
A: (retaliatory headbutt), (horns 0), thin skeletal structure 1, low mp 1,
MP-powered wands
a: no special abilities


You were on level 4 of the Dungeon.
You were not hungry.
You were a tree.
You visited 1 branch of the dungeon, and saw 5 of its levels.

You collected 241 gold pieces.

Inventory:

Hand Weapons
 a - a +0 spear (weapon)
Armour
 h - a cursed +0 ring mail (melded)
 o - a +0 cloak (melded)
 u - a +0 pair of boots (melded)
Jewellery
 y - a cursed ring of loudness (left branch)
Scrolls
 e - 2 scrolls of teleportation
 f - 2 scrolls of amnesia
 k - 3 scrolls of remove curse {unknown}
 n - 2 scrolls of blinking
 p - a scroll of enchant weapon {unknown}
 q - a scroll of immolation
 x - a scroll of random uselessness {unknown}
Potions
 b - 5 potions of curing
 r - 3 potions of agility
 s - a potion of lignification
 w - a potion of flight
Books
 c - a book of Battle

   Spells                             Type                      Level
   a - Infusion                       Charms                       1
   b - Shroud of Golubria             Charms/Translocation         2
   c - Song of Slaying                Charms                       2
   d - Spectral Weapon                Hexes/Charms                 3
   e - Regeneration                   Charms/Necromancy            3
Comestibles
 d - 3 bread rations
 g - a meat ration
 i - 2 chunks of flesh
 j - 2 beef jerkies


   Skills:
 - Level 2.4 Fighting
 * Level 8.0 Polearms
 + Level 5.0 Armour
 - Level 1.1 Dodging
 - Level 1.3 Spellcasting
 + Level 1.9 Hexes
 - Level 2.2 Charms


You had 4 spell levels left.
You knew the following spells:

 Your Spells              Type           Power        Failure   Level  Hunger
a - Infusion              Chrm           #.....       14%         1    ##.....
b - Spectral Weapon       Hex/Chrm       #.......     56%         3    ####...


Dungeon Overview and Level Annotations

Branches:
Dungeon (5/15)
 Temple: D:4-7

Altars:
Xom


Innate Abilities, Weirdness & Mutations

((You reflexively headbutt those who attack you in melee.))
((You have a pair of horns on your head.))
You have a somewhat thin skeletal structure (Dex +2, Stealth).
Your magical capacity is low (-10% MP).
You expend magic power (3 MP) to strengthen your wands.


Message History

The orc hits you but does no damage.
Drink which item? (? for menu, Esc to quit)
It was a potion of mutation.
You feel extremely strange.
You feel less energetic.
You feel your magical essence link to your wands.
Your bones become slightly less dense.
The orc wizard gestures at you while chanting.
The magic dart hits you!
The orc warrior hits you with a dire flail.
* * * LOW HITPOINT WARNING * * *
The orc hits you but does no damage. The orc barely misses you.
The orc wizard hits you but does no damage.
The orc warrior hits you but does no damage.
Drink which item? (? for menu, Esc to quit)
It was a potion of flight.
Your roots keep you in place.
Your transformation is almost over.
The orc hits you but does no damage. x2
The orc wizard hits you but does no damage.
The orc warrior hits you with a dire flail!
You die...

...........o......#####...# #..##
..........................###....
............>.................#.#
....!..[.....##.............)<#..
...........###..................#
.........#...............#.....##
.......o.......................##
..........##.#.oo.......##.......
..........##.##o♣................
...............)o#......###.###..
.................#.....##.....##.
.......................#..#.#..#.
......h.......##.........#(#.#...
.......................#..#.#..#.
...#......###...#......##.....##.
...#...<..# ###.#.#.....###.###..
...#......# #....#.............


You could see an orc warrior, an orc wizard and 2 orcs.

Vanquished Creatures
  Grinder (D:4)
  Menkaure (D:4)
  An ogre (D:4)
  An orc priest (D:4)
  A jelly (D:5)
  A giant frog skeleton (D:4)
  2 worker ants (D:4)
  2 hound skeletons (D:5)
  6 adders
  4 gnolls
  A shadow imp (D:5)
  An ooze (D:3)
  A worm (D:3)
  5 giant geckos
  4 orcs (D:3)
  7 giant cockroaches
  7 goblins
  8 hobgoblins
  4 ball pythons
  8 bats
  A giant gecko skeleton (D:2)
  5 giant newts
  11 jackals
  A jackal skeleton (D:4)
  5 kobolds
  4 quokkas
  8 rats
101 creatures vanquished.

Notes
Turn   | Place    | Note
--------------------------------------------------------------
     0 | D:1      | XO4YCPATb the Minotaur Skald began the quest for the Orb.
     0 | D:1      | Reached XP level 1. HP: 18/18 MP: 1/1
    36 | D:1      | Reached skill level 3 in Polearms
   382 | D:1      | Reached XP level 2. HP: 20/25 MP: 3/3
  1098 | D:2      | Reached skill level 4 in Polearms
  1231 | D:2      | Reached XP level 3. HP: 27/30 MP: 4/4
  1878 | D:2      | Reached skill level 5 in Polearms
  1978 | D:2      | Reached XP level 4. HP: 22/37 MP: 5/5
  2952 | D:3      | Reached XP level 5. HP: 42/42 MP: 6/6
  2992 | D:3      | Learned a level 3 spell: Spectral Weapon
  3409 | D:4      | Reached skill level 6 in Polearms
  3783 | D:4      | Noticed an ogre
  3915 | D:4      | Killed an ogre
  3915 | D:4      | Reached XP level 6. HP: 17/50 MP: 0/7
  4025 | D:4      | Reached skill level 1 in Hexes
  4283 | D:4      | Noticed Grinder
  4286 | D:4      | Paralysed by Grinder for 3 turns
  4289 | D:4      | Noticed an orc warrior
  4294 | D:5      | Entered Level 5 of the Dungeon
  4957 | D:5      | Found a shimmering altar of Xom.
  4982 | D:4      | Noticed Menkaure
  5014 | D:4      | Killed Menkaure
  5014 | D:4      | Reached skill level 7 in Polearms
  5014 | D:4      | Reached XP level 7. HP: 45/56 MP: 4/8
  5080 | D:4      | Killed Grinder
  5162 | D:4      | Reached skill level 8 in Polearms
  5162 | D:4      | Reached skill level 5 in Armour
  5166 | D:4      | Gained mutation: Your magical capacity is low (-10% MP). [potion of mutation]
  5166 | D:4      | Gained mutation: You expend magic power (3 MP) to strengthen your wands. [potion of mutation]
  5166 | D:4      | Gained mutation: You have a somewhat thin skeletal structure (Dex +2, Stealth). [potion of mutation]
  5167 | D:4      | Slain by an orc warrior

Action                   |  1- 3 |  4- 6 |  7- 9 || total
-------------------------+-------+-------+-------++-------
Melee: Spear             |   132 |   307 |    30 ||   469
 Cast: Infusion          |       |     2 |       ||     2
  Use: Scroll            |       |     6 |       ||     6
       Potion            |       |     2 |     8 ||    10
  Eat: Chunk             |     2 |    10 |       ||    12
       Pizza             |       |     1 |       ||     1
